[Event "*** Titled Tuesday Blitz"]
[Site "Chess.com"]
[Date "2021.04.20"]
[Round "1"]
[White "JosefineHeinemann"]
[Black "AsaHoffmann"]
[Result "1-0"]
[WhiteElo "2640"]
[BlackElo "2332"]
[TimeControl "180+1"]
[EndTime "10:07:59 PDT"]
[Termination "JosefineHeinemann won by resignation"]

1. e4 d6 2. d4 Nf6 3. Nc3 c6 4. a4 Qa5 5. Bd3 e5 6. dxe5 dxe5 7. Nf3 Bg4 8. h3 Bh5 9. O-O Nbd7 10. Qe2 Bc5 11. Be3 O-O 12. Bc4 Bxe3 13. Qxe3 Qb6 14. Bb3 Qxe3 15. fxe3 Bg6 16. Nd2 Nc5 17. Nc4 Nxb3 18.
cxb3 Rfe8 19. Nd6 Re7 20. Nf5 Rd7 21. Rad1 Rad8 22. Ne7+ Kf8 23. Nxg6+ hxg6 24. Rxd7 Rxd7 25. Rf2 Ke7 26. Kf1 Ke6 27. Ke2 b6 28. Rf1 Nh5 29. Rf3 f5 30. exf5+ gxf5 31. g4 fxg4 32. hxg4 Nf6 33.
g5 Nd5 34. Ne4 Nb4 35. Rf8 Nd3 36. g6 Nc5 37. Nxc5+ bxc5 38. Rc8 Kd6 39. Kd3 Rb7 40. Kc3 Re7 41. Rg8 Ke6 42. Kc4 Kf6 43. Kxc5 Rb7 44. b4 Kxg6 45. a5 Rb5+ 46. Kc4 Kf6 47. Rc8 Rb7 48. Rxc6+ Kf5 49. b5 g5 50. a6 Rb8 51.
b6 axb6 52. Kb5 g4 53. a7 Ra8 54. Kxb6 g3 55. b4 Ke4 56. Rg6 Kf3 57. b5 g2 58.
Kb7 Rd8 59. b6 Kf2 60. a8=Q Rxa8 61. Kxa8 1-0

[Event "*** Titled Tuesday Blitz"]
[Site "Chess.com"]
[Date "2021.04.20"]
[Round "1"]
[White "Valeron87"]
[Black "frederiksvane"]
[Result "0-1"]
[WhiteElo "2408"]
[BlackElo "2739"]
[TimeControl "180+1"]
[EndTime "10:08:00 PDT"]
[Termination "frederiksvane won by checkmate"]

1. e4 c5 2. Nf3 g6 3. d4 cxd4 4. Nxd4 Nc6 5. c4 Nf6 6. Nc3 Nxd4 7. Qxd4 d6 8. Be2 Bg7 9. O-O O-O 10. Qd3 Nd7 11. f4 Nc5 12. Qe3 Ne6 13. Kh1 Nd4 14. Bd3 e6 15. Bd2 b6 16. Rae1 Bb7 17. b3 Qd7 18. Bb1 Rae8 19. Bc1 b5 20. Rd1 e5 21. cxb5 exf4 22. Rxf4 Nxb5 23. Nxb5 Qxb5 24. Qxa7 d5 25. Bd3 Qc6 26. exd5 Qxd5 27. Qf2 Be5 28. Rh4 Rd8 29. Bg5 Bd4 30. Qf1 Qxg5 31. Rh3 Bg7 32. Rg3 Qe5 33. Bc4 Rxd1 34. Qxd1 h5 35. a4 h4 36. Rg4 Re8 37. Qf1 Qf5 38. Rf4 Qe5 39.
Bxf7+ Kh7 40. Bxe8 Qxe8 41. Rxh4+ Bh6 42. h3 g5 43. Rc4 Bd5 44. Rc7+ Kg6 45. Qb1+ Be4 46. Rc6+ Kg7 47. Rc7+ Kg6 48. Qc1 Qe5 49. b4 Qg3 50.
Rd7 Qxh3+ 51. Kg1 Qxg2# 0-1

[Event "*** Titled Tuesday Blitz"]
[Site "Chess.com"]
[Date "2021.04.20"]
[Round "1"]
[White "BJthechessgod"]
[Black "Sashadav97"]
[Result "0-1"]
[WhiteElo "2288"]
[BlackElo "2597"]
[TimeControl "180+1"]
[EndTime "10:08:00 PDT"]
[Termination "Sashadav97 won by resignation"]

1. e4 c5 2. Nf3 e6 3. d4 cxd4 4. Nxd4 Nf6 5. Nc3 Nc6 6. Be3 Bb4 7. Nxc6 bxc6 8. e5 Nd5 9. Bd2 Nxc3 10. bxc3 Be7 11.
Bd3 O-O 12. Qh5 g6 13. Qe2 d6 14. exd6 Bxd6 15. h4 Qf6 16. h5 e5 17. hxg6 fxg6 18.
Bh6 Rf7 19. Bc4 Be6 20. O-O-O Ba3+ 21. Kb1 Bxc4 22. Qxc4 Rb8+ 23. Ka1 Bb2+ 24. Kb1 Bxc3+ 25. Kc1 Bb2+ 26. Kb1 Bd4+ 27. Kc1 c5 28. Rh3 g5 29. Rf3 Qg6 30. Rdd3 e4 31. Rxf7 Qxf7 32. Qxf7+ Kxf7 33. Ra3 Kg6 34. Ra6+ Rb6 35. Rxb6+ axb6 36. Bf8 Bxf2 37. Kd2 Kf5 38. Ke2 Bd4 39. Bd6 b5 40. Be7 c4 41.
Bd6 h5 42. Be7 Bf6 43. Bd6 h4 44. Ke3 g4 45. Bc7 Be5 46. Bb6 h3 47. gxh3 gxh3 48.
Kf2 Bf4 49. Bc5 e3+ 50. Kf3 h2 51. Kg2 e2 52. Bf2 Ke4 53. Be1 Ke3 54. a3 Ke4 55. Kh1 Kd4 56. c3+ Kd3 57. Kg2 Bd2 58. Bf2 e1=Q 59. Bxe1 Bxe1 60. Kxh2 Bxc3 0-1

[Event "*** Titled Tuesday Blitz"]
[Site "Chess.com"]
[Date "2021.04.20"]
[Round "1"]
[White "Phenix2k"]
[Black "Omk124"]
[Result "1-0"]
[WhiteElo "2263"]
[BlackElo "2550"]
[TimeControl "180+1"]
[EndTime "10:08:00 PDT"]
[Termination "Phenix2k won by resignation"]

1. d4 Nf6 2. c4 g6 3. Nc3 d5 4. cxd5 Nxd5 5. e4 Nxc3 6. bxc3 Bg7 7. Be3 c5 8. Qd2 Qa5 9. Nf3 O-O 10. Rc1 Rd8 11. d5 e6 12. Bg5 f6 13. Be3 exd5 14. exd5 b6 15. c4 Qxd2+ 16. Kxd2 Nd7 17. Bd3 Ba6 18.
a4 Re8 19. Rhe1 Kf7 20. Bf4 h6 21. h4 h5 22. Kc2 Bf8 23. Kb3 Bb7 24. Rxe8 Rxe8 25.
Re1 Be7 26. d6 Bxf3 27. gxf3 Bxd6 28. Rxe8 Bxf4 29. Ra8 f5 30. Rxa7 Ke6 31. a5 bxa5 32. Ka4 Bd6 33. Kb5 Ne5 34. Be2 Be7 35. Ra6+ Bd6 36.
Rxa5 Nd7 37. Ra6 Ne5 38. f4 Nd7 39. Bf3 Ke7 40. Bd5 Nf8 41. Ra7+ Ke8 42. Rg7 Bxf4 43. Bf7+ Kd8 44. Bxg6 Be5 45. Rg8 Ke7 46. Bxf5 Bd4 47.
f3 Kf7 48. Rg2 Kf6 49. Be4 Nd7 50. Rg6+ Kf7 51. Rg5 Nf6 52. Bg6+ Ke6 53. Bxh5 Be3 54. Bg4+ Ke7 55. Rxc5 Bxc5 56. Kxc5 Ne8 57. h5 Nf6 58. Kb6 Kd6 59. c5+ Ke7 60. c6 Kf7 61. c7 Nd5+ 62.
Kb7 Nxc7 63. Kxc7 Kg7 64. Kd6 Kh8 65. Ke7 Kh7 66. Kf7 Kh8 67. Ke7 Kh7 68. f4 Kh8 69. f5 Kh7 70. f6 Kh8 71. f7 Kh7 72. Bf5+ 1-0

[Event "*** Titled Tuesday Blitz"]
[Site "Chess.com"]
[Date "2021.04.20"]
[Round "1"]
[White "suneebaker"]
[Black "GP9isback23"]
[Result "1/2-1/2"]
[WhiteElo "2218"]
[BlackElo "2522"]
[TimeControl "180+1"]
[EndTime "10:08:00 PDT"]
[Termination "Game drawn by repetition"]

1. e4 c5 2. Nf3 e6 3. d4 cxd4 4. Nxd4 Nf6 5. Bd3 Nc6 6. Nxc6 bxc6 7. O-O d5 8. Nd2 Be7 9. Re1 O-O 10. Qf3 a5 11. b3 Ba6 12. Bxa6 Rxa6 13. Bb2 a4 14. Rad1 axb3 15. axb3 Ra2 16. Qc3 Qa5 17.
exd5 cxd5 18. Qxa5 Rxa5 19. c4 Rb8 20. Bc3 Rc5 21. Bd4 Rcc8 22. Be5 Rb7 23. Ra1 dxc4 24. bxc4 Nd7 25. Bd4 Bc5 26. Bxc5 Nxc5 27. Reb1 Rbc7 28. h4 h6 29. Rb6 Nd7 30. Rd6 Ne5 31. Rd1 Nxc4 32.
Nxc4 Rxc4 33. g3 g5 34. hxg5 hxg5 35. R1d2 Kg7 36. Kg2 R8c6 37. Rxc6 Rxc6 38. Rd7 Kg6 39. Ra7 f5 40. Ra2 f4 41. gxf4 gxf4 42. Kf3 Kf5 43.
Ra5+ e5 44. Kg2 Rc2 45. Ra8 Rc6 46. Rf8+ Rf6 47. Ra8 Rg6+ 48. Kf3 e4+ 49. Ke2 Rd6 50.
Ra5+ Kg4 51. Re5 Rd4 52. Re8 Ra4 53. Rg8+ Kf5 54. Rf8+ Ke5 55. Re8+ Kd5 56. Rd8+ Ke6 57. Re8+ Kf7 58. Re5 Ra2+ 59. Kf1 Kf6 60. Rxe4 Kf5 61. Rb4 Kg4 62. Kg2 Rc2 63. Ra4 Rb2 64. Rc4 Rd2 65. Ra4 Rc2 66. Rb4 Rd2 67. Ra4 Rc2 68. Rb4 Rd2 69.
Ra4 1/2-1/2

[Event "*** Titled Tuesday Blitz"]
[Site "Chess.com"]
[Date "2021.04.20"]
[Round "1"]
[White "ViktoriyaTarasova"]
[Black "nrvisakh"]
[Result "0-1"]
[WhiteElo "2422"]
[BlackElo "2788"]
[TimeControl "180+1"]
[EndTime "10:08:01 PDT"]
[Termination "nrvisakh won by resignation"]

1. d4 Nf6 2. c4 e6 3. Nc3 d5 4.
cxd5 Nxd5 5. e4 Nxc3 6. bxc3 c5 7. Rb1 cxd4 8. cxd4 Be7 9. Nf3 O-O 10. Be2 b6 11. O-O Bb7 12. Qd3 Nd7 13. Bf4 Nf6 14. Nd2 Qd7 15. Rbc1 Rfc8 16. f3 Rxc1 17. Rxc1 Rc8 18. Rxc8+ Qxc8 19. Qc4 Qd7 20. Be5 Ne8 21. h3 Bd6 22. Bxd6 Nxd6 23. Qb4 h6 24. Kf2 Bc6 25.
Nc4 Nxe4+ 26. fxe4 Qxd4+ 27. Ke1 Bxe4 28. Qd6 Qg1+ 29. Kd2 Qxg2 30. Qb8+ Kh7 31. Qf4 Bg6 32. h4 Qd5+ 33. Ke1 Qe4 34. Qxe4 Bxe4 35. Ne5 f5 36. a3 g5 37. hxg5 hxg5 38. Nc4 Kg6 39. Kf2 Kf6 40.
Nd6 Bd5 41. Nc8 g4 42. Nxa7 Kg5 43. Nc8 f4 44. Nxb6 g3+ 45. Kg1 f3 46. Bxf3 Bxf3 47. a4 e5 48. a5 e4 49. Nc4 Kf4 50. a6 e3 51. Nxe3 Kxe3 52. a7 Kf4 53. Kf1 Kg4 54. Kg1 Kh3 55. Kf1 Kh2 56. Ke1 g2 0-1

[Event "*** Titled Tuesday Blitz"]
[Site "Chess.com"]
[Date "2021.04.20"]
[Round "1"]
[White "WisdomGame"]
[Black "Oligan22"]
[Result "1-0"]
[WhiteElo "2095"]
[BlackElo "2483"]
[TimeControl "180+1"]
[EndTime "10:08:01 PDT"]
[Termination "WisdomGame won on time"]

1. e4 c6 2. Ne2 d5 3. e5 d4 4.
d3 c5 5. f4 Qd5 6. Nd2 Nc6 7.
Ne4 Bf5 8. N2g3 e6 9. Be2 Nge7 10.
Bf3 Qd7 11. Nd6+ Kd8 12. Nxf7+ Kc7 13. Nxh8 Nd5 14. Nxf5 exf5 15. O-O g6 16. Re1 Re8 17. Qe2 Nd8 18. e6 Rxe6 19. Qf2 Bg7 20. Rxe6 Qxe6 21. Nxg6 hxg6 22. Bd2 Ne3 23. c3 Nc6 24. c4 Ne7 25. Re1 Qd6 26. g3 Nc6 27. Kh1 Nc2 28. Rc1 N2b4 29. Bxb4 Nxb4 30. Qe2 Nxa2 31. Ra1 Nb4 32.
Rxa7 Nc6 33. Ra1 Bf6 34. Re1 Kd7 35. Bd5 Bd8 36. Qe6+ Qxe6 37. Bxe6+ Kd6 38. Bd5 Ne7 39. Bxb7 Ba5 40. Re2 Kd7 41. Bf3 Bb4 42. Bd5 Kd6 43. Re6+ Kd7 44. Rf6 Bd2 45. Bf7 Bc1 46.
b3 Nc6 47. Rxg6 Nb4 48. Be6+ Ke7 49. Bxf5 Nc2 50. Be4 Bd2 51. Kg2 Ne3+ 52. Kh3 1-0

[Event "*** Titled Tuesday Blitz"]
[Site "Chess.com"]
[Date "2021.04.20"]
[Round "1"]
[White "MeekMammoth2"]
[Black "KuzubovYuriy"]
[Result "0-1"]
[WhiteElo "2448"]
[BlackElo "2846"]
[TimeControl "180+1"]
[EndTime "10:08:02 PDT"]
[Termination "KuzubovYuriy won by resignation"]

1. e4 c5 2. c3 Nf6 3. e5 Nd5 4. d4 cxd4 5. Nf3 Nc6 6. cxd4 d6 7. Bc4 e6 8. O-O Be7 9. exd6 Qxd6 10. Nc3 Nxc3 11.
bxc3 O-O 12. Re1 b6 13. Bb3 Bb7 14. Qd3 Rac8 15. Bg5 Rfd8 16. Rad1 h6 17. Bd2 Bf6 18. Bc2 Kf8 19. Qh7 Na5 20. Ne5 Qd5 21. Be4 Qxa2 22.
Bxb7 Nxb7 23. Ng4 Ke7 24. Nxf6 gxf6 25. Qxh6 Nd6 26. Qf4 Qd5 27. Ra1 a5 28. Reb1 Nc4 29. Bc1 Rg8 30. f3 Rg6 31. Ba3+ Ke8 32. Kf2 Qg5 33. Qxg5 fxg5 34. Bc1 Kd7 35. Rb5 f6 36.
Ra4 Rgg8 37. h3 Kc6 38. Rb1 b5 39. Ra2 a4 40. Ba3 Rb8 41. Bc5 Kd5 42. Re2 Rge8 43.
Rbe1 Rbc8 44. g3 e5 45. Bb4 Re6 46. dxe5 Rxe5 47. Rd1+ Ke6 48. Rxe5+ Kxe5 49. Re1+ Kd5 50. h4 gxh4 51. gxh4 Rh8 52. Kg3 Ne5 53. f4 Rg8+ 54. Kh3 Nd3 55. Rd1 Ke4 56. f5 Nf2+ 0-1

[Event "*** Titled Tuesday Blitz"]
[Site "Chess.com"]
[Date "2021.04.20"]
[Round "1"]
[White "fabianvivasz"]
[Black "Aradhya2000"]
[Result "1-0"]
[WhiteElo "2327"]
[BlackElo "2594"]
[TimeControl "180+1"]
[EndTime "10:08:02 PDT"]
[Termination "fabianvivasz won by checkmate"]

1. c4 e5 2. Nc3 Nf6 3. Nf3 Nc6 4. e4 Bb4 5. d3 d6 6. a3 Bxc3+ 7. bxc3 O-O 8. g3 Nd7 9. Nh4 Nc5 10. Bg2 Qf6 11.
O-O a6 12. a4 Ne7 13. Qc2 Ng6 14. Nxg6 fxg6 15. f4 Bd7 16. fxe5 Qe7 17. Rxf8+ Rxf8 18. exd6 cxd6 19. d4 Nxa4 20. Rxa4 Bxa4 21. Qxa4 Qf7 22.
Be3 Rc8 23. c5 dxc5 24. dxc5 Rf8 25. h4 h6 26. Qd4 g5 27. Qd5 gxh4 28. Qxf7+ Kxf7 29. gxh4 Ke6 30. Bd4 g5 31. Bh3+ Ke7 32. hxg5 hxg5 33.
Kg2 Rf4 34. Bf5 Kd8 35. Be3 Kc7 36. Bxf4+ gxf4 37. Kf3 a5 38. e5 a4 39. Bc2 a3 40.
Bb3 Kc6 41. Kxf4 Kxc5 42. Kf5 b5 43. e6 b4 44. cxb4+ Kxb4 45. Bd5 Kc5 46. Ke5 Kb6 47.
e7 a2 48. Bxa2 Kc7 49. e8=Q Kb6 50. Qb8+ Kc5 51. Qd6+ Kb5 52. Qd5+ Kb6 53. Qc4 Kb7 54. Kd6 Ka7 55. Qb5 Ka8 56. Bd5+ Ka7 57. Qb7# 1-0

[Event "*** Titled Tuesday Blitz"]
[Site "Chess.com"]
[Date "2021.04.20"]
[Round "1"]
[White "ffbp3q"]
[Black "Gusarov91"]
[Result "1-0"]
[WhiteElo "2359"]
[BlackElo "2633"]
[TimeControl "180+1"]
[EndTime "10:08:03 PDT"]
[Termination "ffbp3q won by resignation"]

1. d4 Nf6 2. c4 g6 3. Nc3 d5 4.
Bg5 Ne4 5. Bh4 Nxc3 6. bxc3 Bg7 7. e3 c5 8. Nf3 Nc6 9. cxd5 Qxd5 10. Be2 cxd4 11.
cxd4 O-O 12. O-O Re8 13. Qa4 Bd7 14. Qa3 e5 15. dxe5 Nxe5 16. Rad1 Qe6 17. Ng5 Qc6 18.
Rd6 Bf8 19. Rxc6 Bxa3 20. Rc7 Bc6 21. Bg3 Bd6 22. Rxc6 bxc6 23. Ne4 Rad8 24. Nf6+ Kg7 25. Nxe8+ Rxe8 26. Rd1 Bb8 27. h3 g5 28. Rb1 Bd6 29.
Rb7 a5 30. Bd1 Kf6 31. Bb3 Re7 32. Rxe7 Bxe7 33. f4 gxf4 34. Bh4+ Kf5 35. Bxe7 fxe3 36. Kf1 Ke4 37. Ke2 f5 38. g3 f4 39. gxf4 Kxf4 40. Bd6 Ke4 41. Bxe5 Kxe5 42. Kxe3 h6 43. Kd3 Kf4 44. Be6 Ke5 45. Bd7 Kd5 46. Kc3 Kc5 47.
Bc8 Kd5 48. Kb3 Kc5 49. Ka4 Kb6 50. Bd7 c5 51. Be6 Ka6 52. Bc4+ Kb6 53. h4 Kc6 54.
Kxa5 Kd6 55. h5 Ke5 56. Kb6 Kd4 57. Kb5 Ke5 58. a4 Kf5 59. Kxc5 Kg5 60. Be2 Kf4 61. a5 Ke3 62. Bg4 Kf4 63. Bd7 Kg5 64. Be8 Kf6 65. Bg6 Ke7 66. Kb6 Kf6 67. a6 1-0

[Event "*** Titled Tuesday Blitz"]
[Site "Chess.com"]
[Date "2021.04.20"]
[Round "1"]
[White "DFeco"]
[Black "Artem_Sadovsky"]
[Result "0-1"]
[WhiteElo "2326"]
[BlackElo "2628"]
[TimeControl "180+1"]
[EndTime "10:08:04 PDT"]
[Termination "Artem_Sadovsky won on time"]

1. c4 g6 2. g3 Bg7 3. Bg2 Nf6 4. Nc3 O-O 5. e4 e5 6. Nge2 d6 7. d3 Nh5 8. O-O c6 9. f4 exf4 10. Nxf4 Nxf4 11. Bxf4 Qb6+ 12. Kh1 Qxb2 13. Bxd6 Rd8 14. Qf3 Be6 15. Bxb8 Raxb8 16. Ne2 Qxa1 17. Rxa1 Bxa1 18. Nf4 b5 19. Nxe6 fxe6 20. Bh3 Rf8 21. Bxe6+ Kg7 22.
Qd1 Bd4 23. cxb5 Rxb5 24. Bb3 Rf2 25. Qg4 Rb7 26. Qc8 Re7 27. Qg8+ Kh6 28. Qd8 Bf6 29. Qd6 c5 30. Qxc5 Rd2 31. Qe3+ Bg5 32. Qf3 Rc7 33. Qf8+ Rg7 34. Qf1 Re7 35. h4 Be3 36.
Qf8+ Rg7 37. g4 Rf2 38. g5+ Kh5 39. Qxg7 Kg4 40. Qd7+ Kg3 41. Qd6+ Bf4 42. Qxf4+ Kxf4 43. Kg1 Rd2 44. Bc4 Kg4 45. Kf1 Kxh4 46. Ke1 Rb2 47. d4 Kxg5 48. d5 Kf4 49. Bb3 Ke5 50. Kf1 g5 51.
Ke1 a5 52. Kf1 h5 53. Kg1 g4 54. Kh1 h4 55. d6 Kxd6 56. Bf7 g3 0-1

[Event "*** Titled Tuesday Blitz"]
[Site "Chess.com"]
[Date "2021.04.20"]
[Round "1"]
[White "RiskyDecision"]
[Black "kritipatel"]
[Result "1/2-1/2"]
[WhiteElo "2456"]
[BlackElo "1724"]
[TimeControl "180+1"]
[EndTime "10:08:04 PDT"]
[Termination "Game drawn by repetition"]

1. d4 d5 2. c4 e6 3. Nf3 Nf6 4. g3 Be7 5. Bg2 O-O 6. O-O dxc4 7.
Qa4 a6 8. Qxc4 b5 9. Qc2 Bb7 10. Bd2 Nbd7 11. Ba5 Rc8 12. b4 Nd5 13. a3 N7b6 14.
Nbd2 Qd7 15. Ne5 Qd8 16. Nc6 Qd6 17. Rac1 Bg5 18. Ne4 Qxc6 19. Qxc6 Bxc6 20. Rxc6 Be7 21. Nc5 Nc3 22. Bf3 Nc4 23. Rxc7 Rxc7 24. Bxc7 Nd2 25. Ra1 Nxf3+ 26. exf3 Ne2+ 27. Kg2 Nxd4 28. Nxa6 Ra8 29. Nc5 Nc2 30. Ra2 Nxb4 31. Rb2 Bxc5 32. axb4 Bd4 33. Rc2 Bf6 34. Bd6 h6 35. Rc5 Ra6 36. Be5 Bxe5 37. Rxe5 Rb6 38. Rc5 Kf8 39. Rc7 Ke8 40. f4 Rd6 41.
Rb7 Rd5 42. h4 g6 43. Kf3 h5 44. Ke3 Rf5 45. Ke4 Kd8 46. Rb8+ Kc7 47. Rf8 Kd7 48.
f3 Ke7 49. Rb8 Kd7 50. g4 hxg4 51. fxg4 Rd5 52. Rb7+ Ke8 53. Rb8+ Kd7 54. Rb7+ Ke8 55. Rc7 Rd1 56. Rc5 Re1+ 57. Kf3 Rh1 58. Kg3 Rg1+ 59. Kf3 Rf1+ 60. Kg3 Rg1+ 61. Kh3 Rh1+ 62. Kg3 Rg1+ 1/2-1/2

[Event "*** Titled Tuesday Blitz"]
[Site "Chess.com"]
[Date "2021.04.20"]
[Round "1"]
[White "mac0504"]
[Black "Guzman70"]
[Result "0-1"]
[WhiteElo "2591"]
[BlackElo "2319"]
[TimeControl "180+1"]
[EndTime "10:08:08 PDT"]
[Termination "Guzman70 won on time"]

1. e4 g6 2. d4 Bg7 3. Nc3 d6 4. f4 a6 5. Nf3 b5 6. Bd3 Nd7 7. a4 b4 8. Ne2 c5 9. c3 Bb7 10.
O-O Ngf6 11. e5 Ne4 12. Qc2 d5 13. Bxe4 dxe4 14. Ng5 O-O 15. e6 Nf6 16. exf7+ Kh8 17. Ne6 Qd5 18. Nxc5 bxc3 19. bxc3 Bc6 20. c4 Qd6 21.
Bb2 Rxf7 22. Ra3 Nd7 23. Nxe4 Bxe4 24. Qxe4 Rb8 25. Bc1 Nf6 26. Qe5 Qd8 27. Qe6 Rf8 28. d5 Nd7 29. Re3 Bf6 30. Qh3 Rb1 31. Qf3 Qa5 32.
Ba3 Rxf1+ 33. Qxf1 Qxa4 34. Qf3 Qxc4 35. Kf2 Nc5 36.
Bxc5 Qxc5 37. g4 Rd8 38. g5 Bg7 39. Kg2 Qxd5 40. Qe4 Qd2 41. Qxe7 Rf8 42. Kf3 Qe1 43. Qe4 Qh1+ 44. Kg3 Qe1+ 45. Kg2 Qa5 46. Ng3 Qd8 47. Qe7 Qb8 48. Qe4 Rd8 49. Rf3 Rf8 50. Rf2 Qa8 51.
h4 Qxe4+ 52. Nxe4 a5 53. Ra2 Ra8 54. Kf3 a4 55. Kg4 a3 0-1

[Event "*** Titled Tuesday Blitz"]
[Site "Chess.com"]
[Date "2021.04.20"]
[Round "1"]
[White "profofchess"]
[Black "cukin84"]
[Result "1-0"]
[WhiteElo "2504"]
[BlackElo "2111"]
[TimeControl "180+1"]
[EndTime "10:08:08 PDT"]
[Termination "profofchess won by checkmate"]

1. e4 c6 2. Nf3 d5 3. Nc3 Nf6 4. e5 Ne4 5. Ne2 e6 6. d3 Nc5 7.
Ng3 Be7 8. d4 Ncd7 9. Bd3 c5 10.
c3 Nc6 11. O-O Qb6 12. Bc2 f6 13. exf6 Nxf6 14. Re1 O-O 15. h3 Bd6 16. Ne5 cxd4 17.
Nxc6 bxc6 18. cxd4 Bxg3 19. fxg3 c5 20. dxc5 Qxc5+ 21. Kh2 Bd7 22. Be3 Qc7 23. Bd4 Rac8 24. Rc1 Qb8 25. Be5 Qb4 26. Qd3 g6 27. a3 Qc4 28.
Qe3 Qc5 29. Qh6 Qe7 30. Bb1 Qg7 31. Qh4 Rxc1 32. Rxc1 Bc8 33. Bd4 Ba6 34. Rc2 Bd3 35. Rf2 Bxb1 36. Bxf6 Qc7 37. Bd4 Rxf2 38. Bxf2 e5 39.
Qf6 Bf5 40. b4 a6 41. Bc5 Qf7 42. Qd8+ Kg7 43. Qd6 e4 44. Bd4+ Kg8 45. Qe5 Kf8 46. Qd6+ Kg8 47. Qxa6 h5 48. Qa8+ Qf8 49. Qb7 Qf7 50.
Qb8+ Qf8 51. Qe5 Kh7 52. Qxd5 h4 53. gxh4 Bc8 54. Qe5 Kh6 55. Qxe4 Qf5 56. Qe3+ Kh7 57. Qe7+ Kh6 58. Qg7+ Kh5 59. Qh7# 1-0

[Event "*** Titled Tuesday Blitz"]
[Site "Chess.com"]
[Date "2021.04.20"]
[Round "1"]
[White "ckgchess"]
[Black "Piotrek1979"]
[Result "1-0"]
[WhiteElo "2707"]
[BlackElo "2389"]
[TimeControl "180+1"]
[EndTime "10:08:09 PDT"]
[Termination "ckgchess won on time"]

1. e4 c6 2. d4 d5 3. e5 Bf5 4. Nd2 e6 5. Nb3 Nd7 6. Nf3 Ne7 7. Be2 b6 8. O-O h6 9. c4 a5 10. a4 dxc4 11. Bxc4 Nd5 12. Bd2 Be7 13. Rc1 O-O 14.
h3 Nb8 15. Qe2 Qd7 16. Rfd1 Nb4 17. Bf4 N8a6 18. Nbd2 Nc7 19. Ne4 Ncd5 20. Bh2 Bxe4 21. Qxe4 b5 22. axb5 cxb5 23. Be2 Rfc8 24. Nd2 a4 25. Nb1 Na2 26. Rxc8+ Rxc8 27. Bd3 g6 28. Qg4 Kg7 29. Bg3 Rc1 30. h4 h5 31. Qe2 Rxd1+ 32. Qxd1 b4 33. Bc4 b3 34. Nd2 Nb6 35. Bxb3 axb3 36.
Qxb3 Nb4 37. Nf3 Qc6 38. Bf4 Qc2 39. Qxc2 Nxc2 40. Kf1 Nd5 41. Bc1 Bd8 42. Ke2 Bb6 43. Kd3 Ne1+ 44. Nxe1 Ba5 45. Bd2 Bb6 46. Nc2 f6 47.
exf6+ Kxf6 48. g3 Kf5 49. Ne3+ Nxe3 50. Bxe3 Kg4 51. b4 Kf3 52. d5 Bxe3 53. fxe3 exd5 54.
b5 Kxg3 55. b6 Kxh4 56. b7 1-0

[Event "*** Titled Tuesday Blitz"]
[Site "Chess.com"]
[Date "2021.04.20"]
[Round "1"]
[White "ShahMatKanal"]
[Black "BahadirOzen"]
[Result "1/2-1/2"]
[WhiteElo "2391"]
[BlackElo "2696"]
[TimeControl "180+1"]
[EndTime "10:08:09 PDT"]
[Termination "Game drawn by stalemate"]

1. Nf3 g6 2. c4 Bg7 3. Nc3 d6 4. e4 Nf6 5. d4 O-O 6. Be2 e5 7. d5 a5 8. O-O Na6 9. Qc2 Nc5 10. Bg5 Bd7 11. Ne1 h6 12. Be3 Qe8 13. f3 Nh5 14.
Nd3 b6 15. b3 f5 16. a3 g5 17. b4 Nxd3 18. Bxd3 Nf4 19. c5 axb4 20. axb4 Rxa1 21. Rxa1 bxc5 22. bxc5 fxe4 23. Bxe4 g4 24.
c6 Bc8 25. Ra8 Qh5 26. Nb5 gxf3 27. Bxf3 Bg4 28. Rxf8+ Bxf8 29. Bxf4 Bxf3 30. gxf3 exf4 31.
Nxc7 Bg7 32. Ne6 Qxd5 33. c7 Bd4+ 34. Nxd4 Qxd4+ 35. Kg2 Qg7+ 36. Kf1 Qa1+ 37. Kf2 Qd4+ 38. Ke1 Qa1+ 39. Ke2 Qe5+ 40. Qe4 Qb2+ 41. Kf1 Qc1+ 42.
Kg2 Qxc7 43. Qxf4 Kg7 44. Qe4 Qf7 45. Qg4+ Qg6 46. Kf2 h5 47. Qxg6+ Kxg6 48. Ke3 Kf5 49. h3 h4 50. f4 d5 51. Kd4 Kxf4 52. Kxd5 Kg3 53.
Ke4 Kg2 54. Ke3 Kxh3 55. Kf3 Kh2 56. Kf2 h3 57. Kf1 Kh1 58. Kf2 h2 59. Kf1 1/2-1/2

[Event "*** Titled Tuesday Blitz"]
[Site "Chess.com"]
[Date "2021.04.20"]
[Round "1"]
[White "sokidze"]
[Black "Kaua18"]
[Result "1-0"]
[WhiteElo "2743"]
[BlackElo "2412"]
[TimeControl "180+1"]
[EndTime "10:08:11 PDT"]
[Termination "sokidze won on time"]

1. e4 c5 2. Nf3 Nc6 3. d4 cxd4 4. Nxd4 Nf6 5. Nc3 e6 6. Nxc6 bxc6 7. e5 Nd5 8. Ne4 Qc7 9. f4 Qa5+ 10. c3 Qb6 11. c4 Bb4+ 12. Ke2 f5 13. exf6 Nxf6 14. Be3 Qc7 15. Nxf6+ gxf6 16. Kf2 Be7 17. Qh5+ Kd8 18. Rd1 Rb8 19. b3 c5 20. Qf7 d6 21. Qg7 Rf8 22.
Qxh7 f5 23. Be2 Bb7 24. Bf3 Bxf3 25. Kxf3 Qc6+ 26. Kf2 Kd7 27. Qh5 a5 28. Rd3 a4 29.
Rhd1 axb3 30. axb3 Rg8 31. Qf3 Rh8 32. Qxc6+ Kxc6 33. Kg1 Ra8 34. g3 Rhb8 35. Kg2 Ra2+ 36. R1d2 Ra1 37.
Kf3 Ra3 38. Rb2 Bf6 39. Rb1 Ra2 40. h3 e5 41. fxe5 dxe5 42. Rd5 Ra5 43. b4 Ra3 44.
Rxc5+ Kd6 45. Rd5+ Ke6 46. Ke2 Rg8 47. Bf2 Ra2+ 48.
Rd2 Ra3 49. Rc2 e4 50. c5 Be5 51. c6 Bxg3 52. c7 1-0

[Event "*** Titled Tuesday Blitz"]
[Site "Chess.com"]
[Date "2021.04.20"]
[Round "1"]
[White "Enriquack"]
[Black "TimofeevAr"]
[Result "0-1"]
[WhiteElo "2446"]
[BlackElo "2837"]
[TimeControl "180+1"]
[EndTime "10:08:12 PDT"]
[Termination "TimofeevAr won by resignation"]

1. e4 d5 2. exd5 Qxd5 3. Nc3 Qd8 4. d4 g6 5. Nf3 Bg7 6. h3 Nh6 7. Bc4 Nf5 8. Be3 O-O 9. O-O Nc6 10. Ne2 b6 11. c3 Bb7 12. Qc1 Na5 13. Bd3 Bxf3 14.
gxf3 Qd7 15. Bg5 c5 16. Be4 Rac8 17. dxc5 bxc5 18. Qc2 Nd6 19. Kg2 Nac4 20. Rad1 Qc7 21. b3 Ne5 22. Bf4 Qb6 23. Bg3 a5 24. h4 c4 25. h5 cxb3 26. axb3 Rb8 27. Nd4 Rfc8 28.
hxg6 hxg6 29. Rh1 Qc5 30. Rc1 Rc7 31. Bxe5 Qxe5 32. Qd3 Rbc8 33. Ne2 e6 34. c4 Nf5 35. Rcd1 Bf6 36. f4 Qc5 37. Bxf5 exf5 38. Ng3 Kg7 39. Qf3 Qc6 40. Rd5 Rd8 41. Rhd1 Rxd5 42. Rxd5 a4 43. bxa4 Qxc4 44. a5 Qa4 45. Qd3 Qxf4 46. a6 Qa4 47.
Rd6 Be5 48. Rb6 Qa5 49. Rb5 Qc3 50. Qxc3 Bxc3 51. Ne2 Bf6 52. Ra5 Ra7 53. Nf4 Bd8 54. Ra4 Kf6 55. Nd5+ Ke6 56. Nb4 Kd6 57. Nd3 g5 58. f4 g4 59. Kf2 f6 60. Ra5 Bxa5 0-1

[Event "*** Titled Tuesday Blitz"]
[Site "Chess.com"]
[Date "2021.04.20"]
[Round "1"]
[White "dosto07"]
[Black "Iball95"]
[Result "1-0"]
[WhiteElo "2333"]
[BlackElo "2600"]
[TimeControl "180+1"]
[EndTime "10:08:12 PDT"]
[Termination "dosto07 won on time"]

1. e4 c5 2. Nf3 Nc6 3. Bb5 Nf6 4. Nc3 Qc7 5. O-O Nd4 6. Bc4 e6 7. d3 Ng4 8. g3 Nxf3+ 9. Qxf3 Ne5 10. Qe2 Nxc4 11.
dxc4 d6 12. Bf4 e5 13. Nd5 Qd8 14. Bd2 Be6 15. f4 exf4 16. Bxf4 Be7 17. Rad1 Bxd5 18. Rxd5 O-O 19. Rfd1 Re8 20. Qf3 Qb6 21. b3 Rad8 22. a4 h6 23. h4 Bf8 24. Kg2 Re6 25. Re1 Rde8 26. Qd3 Qc6 27. Re3 a6 28. h5 Be7 29.
Rf5 Bf8 30. Qd5 Qc8 31. g4 Qd7 32. a5 Qd8 33. Bg3 Qc7 34. Ref3 f6 35. g5 hxg5 36. h6 Qf7 37. hxg7 Bxg7 38. Rf1 Rxe4 39. Qxf7+ Kxf7 40. Bxd6 Re2+ 41. R5f2 Bf8 42. Bxf8 Kxf8 43. Kg3 R8e3+ 44. Kg4 Rxf2 45. Rxf2 Ke7 46. Rd2 Ke6 47. Rd8 Re4+ 48. Kg3 Kf5 49. Rd5+ Re5 50. Rd7 Re3+ 51. Kf2 Rc3 52.
Rxb7 Rxc2+ 53. Ke3 1-0

[Event "*** Titled Tuesday Blitz"]
[Site "Chess.com"]
[Date "2021.04.20"]
[Round "1"]
[White "Grineva_Marianna"]
[Black "Gerodot71"]
[Result "0-1"]
[WhiteElo "2233"]
[BlackElo "2562"]
[TimeControl "180+1"]
[EndTime "10:08:12 PDT"]
[Termination "Gerodot71 won on time"]

1. e4 e5 2. Nf3 Nc6 3. Bb5 a6 4. Ba4 Nf6 5. Qe2 b5 6. Bb3 Bc5 7. c3 d6 8. h3 Bb6 9. d3 Be6 10. Nbd2 O-O 11. g4 d5 12. Nf1 dxe4 13. dxe4 Nd7 14. Ng3 Nc5 15. Bg5 Qe8 16. Bd5 f6 17. Be3 Rd8 18. Rd1 Na4 19. Nf5 Kh8 20. N3h4 Bxe3 21. Nxe3 Nb6 22. Nhf5 Bxd5 23. exd5 Ne7 24. Nxe7 Qxe7 25. Qf3 Qf7 26. O-O Rd7 27. b3 Rfd8 28.
c4 Kg8 29. Qe4 Qg6 30. Nf5 Qg5 31. Kg2 Qg6 32. Rfe1 Qf7 33. Re3 Nc8 34. Red3 Nd6 35. Nxd6 cxd6 36. a3 bxc4 37. bxc4 Rc7 38. Rc3 Rdc8 39.
Rb1 g6 40. Rb6 Qd7 41. Rxa6 Rb7 42. a4 Kg7 43. a5 Rc5 44. Rb6 Rxa5 45. Rc6 Rc7 46.
Rb6 Rac5 47. Qd3 Qe7 48. Qc2 Qf7 49. Qa4 Rxd5 50. cxd5 Rxc3 51. Qa8 Qe7 52. Rc6 Rd3 0-1